[Event "*** MasterClass Titled Tuesday Blitz"]
[Site "Chess.com"]
[Date "2017.12.12"]
[Round "9"]
[White "chito89"]
[Black "sandromareco"]
[Result "1-0"]
[WhiteElo "2598"]
[BlackElo "2636"]
[TimeControl "180+2"]
[EndTime "15:09:51 PST"]
[Termination "chito89 won by checkmate"]

1. d4 d5 2. c4 c6 3. Nf3 Nf6 4. g3 e6 5. Bg2 Nbd7 6. Nbd2 Be7 7. O-O O-O 8. Qc2 b6 9. e4 Ba6 10. b3 Rc8 11. Re1 h6 12. Bb2 Re8 13. Rac1 Bb7 14.
e5 Nh7 15. cxd5 cxd5 16. Qd3 Nb8 17. h4 Ba6 18. Qe3 Nc6 19. a3 Qd7 20. Qf4 Na5 21. Qg4 Rxc1 22. Bxc1 Rc8 23. b4 Nc6 24. Nf1 Kh8 25. Qh5 Bf8 26. Ne3 Bd3 27. Qg4 a5 28. bxa5 Nxa5 29. Bf1 Bxf1 30. Nxf1 Nb3 31. Qf4 Kg8 32. Be3 Bxa3 33. Rb1 Na5 34. Rxb6 Nc4 35. Rb3 Be7 36. Qg4 Kh8 37. Rb1 Nf8 38. Qh5 Kg8 39.
Bf4 Ng6 40. N1h2 Qa4 41. Qg4 Nxf4 42. Qxf4 Qa7 43. Ng4 Qc7 44. Nfh2 Bf8 45. Ra1 Nb2 46. Nf3 Nd3 47. Qe3 Nb4 48. Qb3 Qb7 49. Kg2 Qb5 50. Ra7 Rc1 51. Ne3 Qb8 52. Qa4 Qd8 53. Rb7 Nc6 54.
h5 Qc8 55. Rb6 Qc7 56. Qb5 Rc3 57. Qb2 Nd8 58. Rb8 Rc6 59. Qb5 Be7 60. Ra8 Kh7 61. Qb1+ Kg8 62. Qb5 Kh7 63. Ng4 Rb6 64. Qe8 Rb7 65. Ne3 Qd7 66. Qxd7 Rxd7 67. g4 Nc6 68. Nd1 Rb7 69. Nc3 Rb4 70. Ne2 Rb2 71. Nf4 Bg5 72. Nh3 Be3 73. Rf8 Nxd4 74. Rxf7 Nxf3 75. Kxf3 Bd4 76.
Re7 Rb3+ 77. Kg2 Bxe5 78. g5 hxg5 79. Nxg5+ Kh6 80. Nf7+ Kxh5 81. Nxe5 Rb6 82. Rxg7 d4 83. f4 Rb3 84. Rh7# 1-0

[Event "*** MasterClass Titled Tuesday Blitz"]
[Site "Chess.com"]
[Date "2017.12.12"]
[Round "9"]
[White "ST-Sandavagur"]
[Black "GameOverBro"]
[Result "1-0"]
[WhiteElo "2523"]
[BlackElo "2251"]
[TimeControl "180+2"]
[EndTime "15:10:04 PST"]
[Termination "ST-Sandavagur won by resignation"]

1. e4 d6 2. d4 Nf6 3. Nc3 e5 4. Nf3 Nbd7 5. Bc4 Be7 6. O-O O-O 7. Re1 c6 8. a4 h6 9. a5 Re8 10. Bf1 Qc7 11. a6 b5 12. d5 b4 13. dxc6 bxc3 14. cxd7 Bxd7 15. bxc3 Qxc3 16. Bd2 Qc8 17. c4 Bc6 18. Bd3 Nd7 19. Be3 Qc7 20. Nd2 Bg5 21.
Bxg5 hxg5 22. Qh5 Nc5 23. Bc2 Qe7 24. Nf1 Ne6 25. Ne3 g6 26. Qh6 Qf8 27. Qxf8+ Kxf8 28. Reb1 Reb8 29. Kf1 Nd4 30. Bd3 Nb3 31. Ra2 Nc5 32. Bc2 Rxb1+ 33. Bxb1 Rb8 34. Bc2 Rb6 35. f3 Ke7 36.
Ke2 Rxa6 37. Rb2 Rb6 38. Ra2 Ra6 39. Rb2 Ne6 40. Kd2 Nd4 41. Bd1 Rb6 42. Ra2 a6 43. Kc3 Ke6 44. g4 Kd7 45. c5 dxc5 46. Nc4 Rb4 47.
Nxe5+ Ke6 48. Nd3 Nb5+ 49. Kd2 Rd4 50. Ke3 Kd6 51. Rxa6 Nc3 52. Bc2 Kc7 53. Nxc5 Rb4 54. Nd3 Rb8 55. Ra3 Nb5 56. Ra1 Nd6 57. Rc1 Nc4+ 58. Kd4 Nd6 59. Ba4 Rb6 60. Ne5 Rb4+ 61.
Ke3 Rxa4 62. Rxc6+ Kd8 63. Rxd6+ Ke7 64. Rd3 Ke6 65.
Nc6 Ra2 66. Nd4+ Kf6 67. Ne2 Ra1 68. Rd6+ Ke5 69. Rd7 Ke6 70. Rb7 Rh1 71. Rb6+ Ke7 72. Nc3 Rxh2 73. Nd5+ Kf8 74. e5 Ra2 75. Nf6 Ra8 76.
Ke4 Kg7 77. Rb7 Kf8 78. Nh7+ Kg7 79. Nxg5 Kg8 80. Nxf7 Re8 81. Kf4 Rf8 82. e6 Re8 83.
Ke5 g5 84. Nxg5 Rf8 85. f4 Kh8 86. f5 Re8 87. f6 Ra8 88. Rh7+ Kg8 89. Rg7+ Kf8 90.
Nh7+ 1-0

[Event "*** MasterClass Titled Tuesday Blitz"]
[Site "Chess.com"]
[Date "2017.12.12"]
[Round "9"]
[White "tigra"]
[Black "JSPrepz"]
[Result "1/2-1/2"]
[WhiteElo "2668"]
[BlackElo "2722"]
[TimeControl "180+2"]
[EndTime "15:10:26 PST"]
[Termination "Game drawn by repetition"]

1. e4 e5 2. Nf3 Nc6 3. Bc4 Nf6 4. d3 Be7 5. Nc3 O-O 6. a3 d6 7. h3 Kh8 8. g4 Be6 9. Nd5 Na5 10. Ba2 b6 11. Ne3 c6 12. Qe2 Bxa2 13. Rxa2 d5 14. Nf5 dxe4 15. dxe4 Nb7 16. Nxe5 Rc8 17. O-O Nd6 18. Ng3 Qc7 19. Bf4 Rce8 20. Nf5 Nfxe4 21. Rd1 Kg8 22. Raa1 Nxf5 23. Qxe4 Bd6 24. Qxc6 Qxc6 25. Nxc6 Bxf4 26. gxf5 Re2 27. Nd4 Re5 28. Re1 Rfe8 29.
Rxe5 Rxe5 30. Rd1 h5 31. Kf1 Rd5 32. c4 Rd6 33. Ke2 Be5 34. Ke3 Bf6 35. b4 Rd7 36.
Rd3 Rc7 37. Nb5 Rxc4 38. Nxa7 Rh4 39. Ke2 Rf4 40. Rf3 Re4+ 41. Kd3 Rd4+ 42. Kc2 Rc4+ 43. Kb3 Rc1 44. a4 Rb1+ 45. Kc4 Be7 46. Nc6 Bf8 47. f6 gxf6 48. Rxf6 Kg7 49. Rf3 f6 50. Kb5 Kg6 51.
Rf4 Bc5 52. f3 Be3 53. Re4 Bf2 54. Ne7+ Kg5 55. Nd5 f5 56. Re2 Bd4 57. Rd2 Bg1 58. Rg2+ Kh4 59. Nf4 Be3 60. Nd5 Bg1 61. Nxb6 Bxb6 62. Kxb6 Kxh3 63. Rg5 Rxb4+ 64. Ka5 Rf4 65. Rxh5+ Kg3 66. Kb5 Kxf3 67. a5 Kg4 68. a6 Rf1 69. Rh7 Rb1+ 70. Kc4 f4 71. Rg7+ Kf3 72. a7 Ra1 73.
Kd3 Ra3+ 74. Kd2 Ra2+ 75. Kc1 Ke3 76. Re7+ Kf2 77. Rd7 Ra5 78. Kd2 f3 79. Rg7 Ra2+ 80.
Kd3 Kf1 81. Kc3 f2 82. Kb3 Ra1 83. Kb2 Ra6 84. Rf7 Ke2 85. Re7+ Kd3 86. Rd7+ Ke3 87. Re7+ Kf3 88. Rf7+ Ke2 89. Re7+ Kf3 90. Rf7+ Kg2 91. Rg7+ Kf1 92. Re7 Kg2 93. Rg7+ Kf3 94. Rf7+ Ke2 95. Re7+ Kf3 96. Rf7+ Ke3 97. Re7+ Kf3 98. Rf7+ 1/2-1/2

[Event "*** MasterClass Titled Tuesday Blitz"]
[Site "Chess.com"]
[Date "2017.12.12"]
[Round "10"]
[White "ENEASZ"]
[Black "Kawhi_Leonard2"]
[Result "1-0"]
[WhiteElo "2428"]
[BlackElo "2269"]
[TimeControl "180+2"]
[EndTime "15:12:30 PST"]
[Termination "ENEASZ won by resignation"]

1. e4 c5 2. c3 d5 3. exd5 Qxd5 4. d4 Nf6 5. Nf3 e6 6. Na3 Qd8 7. Nc2 Nc6 8. Bb5 Bd7 9. O-O Be7 10. Re1 O-O 11. Bd3 a6 12. Bg5 cxd4 13. Ncxd4 Nxd4 14.
Nxd4 Nd5 15. Bxe7 Qxe7 16. Qh5 g6 17. Qxd5 1-0

[Event "*** MasterClass Titled Tuesday Blitz"]
[Site "Chess.com"]
[Date "2017.12.12"]
[Round "10"]
[White "Noukii"]
[Black "evgenysharapov"]
[Result "1-0"]
[WhiteElo "2611"]
[BlackElo "2337"]
[TimeControl "180+2"]
[EndTime "15:13:24 PST"]
[Termination "Noukii won by resignation"]

1. d4 d5 2. c4 c6 3. Nc3 Nf6 4. Nf3 e6 5. Bg5 Be7 6. e3 Nbd7 7. Bd3 O-O 8. O-O b6 9. Rc1 Bb7 10.
cxd5 cxd5 11. Qa4 a6 12. Ne5 Nxe5 13. dxe5 Nd7 14. Qh4 1-0

[Event "*** MasterClass Titled Tuesday Blitz"]
[Site "Chess.com"]
[Date "2017.12.12"]
[Round "10"]
[White "RoelandPruijssers"]
[Black "kereswasbest"]
[Result "1-0"]
[WhiteElo "2465"]
[BlackElo "2216"]
[TimeControl "180+2"]
[EndTime "15:15:47 PST"]
[Termination "RoelandPruijssers won by resignation"]

1. d4 Nf6 2. c4 e6 3. Nf3 d5 4. Nc3 Bb4 5. cxd5 exd5 6. Qc2 O-O 7.
Bg5 h6 8. Bh4 Be7 9. e3 c6 10. Bd3 Nbd7 11. O-O-O Re8 12. Ne5 Nxe5 13. dxe5 Nd7 14. Bxe7 Qxe7 15. f4 Nc5 16. Bh7+ Kh8 17. g4 f6 18. Bg6 Rf8 19. exf6 Qxe3+ 20. Kb1 Bxg4 21. fxg7+ Kxg7 22. Rde1 Qxf4 23. Re7+ Kh8 24. Rh7+ Kg8 25. Bf7+ Rxf7 26. Qg6+ Kf8 27. Rxf7+ Qxf7 28. Qxg4 Re8 29. Qh3 Ne4 30. Nxe4 Rxe4 31. Rf1 Rf4 32. Qxh6+ 1-0

[Event "*** MasterClass Titled Tuesday Blitz"]
[Site "Chess.com"]
[Date "2017.12.12"]
[Round "10"]
[White "Vincent_Vega95"]
[Black "TomsKantans"]
[Result "0-1"]
[WhiteElo "2561"]
[BlackElo "2457"]
[TimeControl "180+2"]
[EndTime "15:16:27 PST"]
[Termination "TomsKantans won by resignation"]

1. d4 Nf6 2. c4 g6 3. Nc3 d5 4. Nf3 Bg7 5. h4 dxc4 6. e4 c5 7. d5 b5 8. h5 O-O 9. hxg6 fxg6 10. e5 Ng4 11. Nxb5 Ba6 12. Nc3 Nxe5 13. Ng5 Nd3+ 14. Bxd3 cxd3 15. Rxh7 Bxc3+ 16. bxc3 Qxd5 17. Qg4 Qe5+ 18. Kd2 Rxf2+ 0-1

[Event "*** MasterClass Titled Tuesday Blitz"]
[Site "Chess.com"]
[Date "2017.12.12"]
[Round "10"]
[White "Divertissement"]
[Black "AquivaRubinstein"]
[Result "1-0"]
[WhiteElo "2408"]
[BlackElo "2278"]
[TimeControl "180+2"]
[EndTime "15:16:57 PST"]
[Termination "Divertissement won by checkmate"]

1. e4 c5 2. Nf3 d6 3. c3 Nf6 4. h3 Nc6 5. Bd3 d5 6. e5 Nd7 7. Bb5 e6 8. O-O Be7 9. d4 O-O 10. Re1 Qb6 11. Ba4 f6 12. exf6 Nxf6 13. a3 Ne4 14. b4 cxd4 15. cxd4 Bf6 16. Be3 Bd7 17. Bc2 Rac8 18. Qd3 a5 19. Nbd2 axb4 20.
Nxe4 dxe4 21. Qxe4 g6 22. d5 Qc7 23. dxc6 Bxa1 24.
cxd7 Qxd7 25. Rxa1 bxa3 26. Rxa3 Qd6 27. Rd3 Qa6 28.
Bb3 Rc6 29. Bh6 Re8 30. Qe5 Re7 31. Rd8+ Kf7 32. Qg7# 1-0

[Event "*** MasterClass Titled Tuesday Blitz"]
[Site "Chess.com"]
[Date "2017.12.12"]
[Round "10"]
[White "TheBigBoss04"]
[Black "Enzy63"]
[Result "1-0"]
[WhiteElo "2465"]
[BlackElo "2100"]
[TimeControl "180+2"]
[EndTime "15:17:07 PST"]
[Termination "TheBigBoss04 won by resignation"]

1. d4 d5 2. c4 e6 3. Nc3 Nf6 4. cxd5 exd5 5. Bg5 c6 6. e3 Be7 7. Bd3 Nbd7 8. Qc2 h6 9. Bh4 Nh5 10. Bxe7 Qxe7 11. Nf3 Nf4 12. Bf1 Ne6 13. O-O-O b5 14. Bd3 b4 15. Na4 Bb7 16. h4 Nb6 17. Kb1 Nxa4 18. Qxa4 O-O 19. g4 c5 20. g5 c4 21. Bf5 h5 22. Ne5 g6 23. Bh3 Rfc8 24. f4 c3 25. Rh2 c2+ 26. Rxc2 Rxc2 27. Qxc2 Rc8 28. Qd3 Rc7 29. f5 Nc5 30. Qe2 Na4 31. f6 Qd6 32. Rc1 Nc3+ 33. bxc3 bxc3 34. Ka1 Ba6 35.
Qc2 Qb4 36. Rb1 Qa5 37. Rb8+ Kh7 38. Bf5 Bd3 39. Bxd3 1-0

[Event "*** MasterClass Titled Tuesday Blitz"]
[Site "Chess.com"]
[Date "2017.12.12"]
[Round "10"]
[White "lucasmito"]
[Black "TijanaBlagojevic"]
[Result "0-1"]
[WhiteElo "2230"]
[BlackElo "2381"]
[TimeControl "180+2"]
[EndTime "15:17:13 PST"]
[Termination "TijanaBlagojevic won by checkmate"]

1. e4 e5 2. f4 d5 3. exd5 exf4 4. Nf3 Nf6 5. c4 c6 6. d4 cxd5 7. c5 Be7 8. Bxf4 O-O 9. Nc3 b6 10. cxb6 Qxb6 11. Qd2 Nc6 12. Bd3 Bg4 13. Be5 Bxf3 14.
gxf3 Nxe5 15. dxe5 Qe6 16. f4 Bb4 17. Qe2 Nd7 18.
O-O Rac8 19. Rae1 Nc5 20. Bb1 d4 21. f5 Qh6 22. Qc4 a5 23. Qxd4 Rfd8 24. Qg4 Rd2 25. f6 Qxh2# 0-1

[Event "*** MasterClass Titled Tuesday Blitz"]
[Site "Chess.com"]
[Date "2017.12.12"]
[Round "10"]
[White "chessking2151"]
[Black "krzyzan94"]
[Result "1/2-1/2"]
[WhiteElo "2397"]
[BlackElo "2600"]
[TimeControl "180+2"]
[EndTime "15:17:26 PST"]
[Termination "Game drawn - insufficient material"]

1. e4 g6 2. d4 Bg7 3. Nf3 c5 4. dxc5 Qa5+ 5. c3 Qxc5 6. Be3 Qc7 7. Na3 Qd8 8. h3 Nc6 9. Qd2 d6 10. Bb5 Nf6 11. e5 Ne4 12. Qd5 f5 13. exf6 Nxf6 14. Qb3 Bd7 15. Ng5 Rf8 16. Ne6 Bxe6 17. Qxe6 Qd7 18.
Qxd7+ Kxd7 19. O-O-O a6 20. Be2 b5 21. Nc2 Kc7 22. Bf3 Nd7 23. Nd4 Nxd4 24. Bxa8 Ne2+ 25. Kd2 Nxc3 26. bxc3 Rxa8 27. Bd4 e5 28. Be3 d5 29.
Kc2 Kc6 30. Rd2 Rd8 31. Rhd1 Nf6 32. Bg5 Rd7 33. Bxf6 Bxf6 34. f3 Bg5 35. Re2 Bf4 36. Rde1 Kd6 37. Kd3 h5 38. Rb1 h4 39. a4 Kc5 40. axb5 axb5 41. Ra2 d4 42. cxd4+ Rxd4+ 43. Ke2 b4 44. Ra8 Rd2+ 45. Kf1 Be3 46. Rc8+ Kb5 47. Rb8+ Kc6 48. R1xb4 Rf2+ 49. Ke1 Rxg2 50. Rxh4 Rh2 51. Rg4 g5 52. Rh8 Bf4 53. h4 gxh4 54. Kf1 Bg3 55.
Rxg3 hxg3 56. Rxh2 gxh2 57. Kg2 Kd5 58. Kxh2 Kd4 59.
Kg2 Ke3 60. Kg3 Ke2 61. Kg2 Kd3 62. Kf2 Kd2 63. Kg3 Ke3 64. Kg2 Ke2 65. Kg3 Ke3 66.
Kg2 Kd3 67. Kg3 Kd4 68. Kf2 Kd3 69. Kg3 Kd2 70. Kg4 Ke3 71. Kf5 Kxf3 72. Kxe5 1/2-1/2

[Event "*** MasterClass Titled Tuesday Blitz"]
[Site "Chess.com"]
[Date "2017.12.12"]
[Round "10"]
[White "Blitzstream"]
[Black "cheese111"]
[Result "0-1"]
[WhiteElo "2467"]
[BlackElo "2436"]
[TimeControl "180+2"]
[EndTime "15:17:40 PST"]
[Termination "cheese111 won by checkmate"]

1. g4 d5 2. Bg2 Bxg4 3. c4 c6 4. Qb3 Nf6 5. Nc3 e6 6. cxd5 cxd5 7. Qxb7 Nbd7 8. d3 Bc5 9. Nf3 O-O 10. O-O Rb8 11.
Qa6 Bxf3 12. Bxf3 Ne5 13. Bg2 Nfg4 14. Bf4 Ng6 15. Bg3 Rb4 16. h3 Nf6 17. a3 Rb6 18. Qxa7 Nh5 19. Bc7 Qg5 20. e3 Nh4 21. Bg3 Nxg3 22. fxg3 Qxg3 23. Rf2 Bxe3 24. Kh1 Bxf2 25.
Bf1 Qg1# 0-1

[Event "*** MasterClass Titled Tuesday Blitz"]
[Site "Chess.com"]
[Date "2017.12.12"]
[Round "10"]
[White "dawtonlms"]
[Black "truki"]
[Result "1-0"]
[WhiteElo "2269"]
[BlackElo "2202"]
[TimeControl "180+2"]
[EndTime "15:17:43 PST"]
[Termination "dawtonlms won by resignation"]

1. e4 c6 2. d4 d5 3. exd5 cxd5 4. c4 Nf6 5. Nc3 Nc6 6. Bg5 dxc4 7. d5 Ne5 8. Qd4 h6 9. Qxe5 hxg5 10. Bxc4 a6 11. O-O-O g4 12. Nge2 g6 13. d6 e6 14.
Nf4 Bg7 15. Nxe6 Bxe6 16. Bxe6 O-O 17. Bb3 Rc8 18. Kb1 Nd7 19. Qe4 Bxc3 20. bxc3 Rxc3 21. Qxg6+ Kh8 22. Qh6+ Kg8 23. Rd5 Rc5 24. Rhd1 Qe8 25.
Rg5+ Rxg5 26. Qxg5+ Kh7 27. Qh5+ Kg7 28. Qxg4+ Kh7 29.
Qh5+ Kg7 30. Qg5+ Kh7 31. Rd3 Qe1+ 32. Bd1 Qb4+ 33. Ka1 1-0

[Event "*** MasterClass Titled Tuesday Blitz"]
[Site "Chess.com"]
[Date "2017.12.12"]
[Round "10"]
[White "toad"]
[Black "Schemato"]
[Result "1-0"]
[WhiteElo "2185"]
[BlackElo "2269"]
[TimeControl "180+2"]
[EndTime "15:17:45 PST"]
[Termination "toad won by resignation"]

1. d4 e6 2. c4 f5 3. g3 Nf6 4. Bg2 c6 5. Nf3 d5 6. O-O Bd6 7. Qc2 O-O 8. Bf4 Bxf4 9. gxf4 Nbd7 10. e3 Kh8 11. Nbd2 Ne4 12. b4 a6 13. a4 Rg8 14.
b5 axb5 15. axb5 Rxa1 16. Rxa1 Nxd2 17. Qxd2 Nf6 18. Ne5 Qe8 19. bxc6 bxc6 20. Ra7 Bd7 21. Qb4 g5 22. fxg5 Rxg5 23. Kf1 Qg8 24. Qe7 Ng4 25.
Nf7+ Kg7 26. Qxg5+ Kxf7 27. Rxd7+ 1-0

[Event "*** MasterClass Titled Tuesday Blitz"]
[Site "Chess.com"]
[Date "2017.12.12"]
[Round "10"]
[White "BillCoe"]
[Black "juniortay"]
[Result "0-1"]
[WhiteElo "1906"]
[BlackElo "2294"]
[TimeControl "180+2"]
[EndTime "15:17:47 PST"]
[Termination "juniortay won by resignation"]

1. e4 e5 2. Nf3 Nf6 3. Bd3 Nc6 4.
O-O Bc5 5. c3 d6 6. Bc2 Bb6 7. h3 O-O 8. d4 Qe7 9. d5 Nb8 10. a4 a6 11. b4 Nbd7 12. c4 Re8 13. Qe2 Nf8 14. Nbd2 Ng6 15. Nb3 Nh5 16. Be3 Nhf4 17.
Qd2 Rf8 18. c5 Ba7 19. Ra3 f5 20. Rc1 fxe4 21. Bxe4 Bf5 22. Bxf5 Rxf5 23. cxd6 cxd6 24.
Bxa7 Rxa7 25. Rc8+ Nf8 26. Nc1 b6 27. Rac3 Qf7 28.
Ne2 Nxh3+ 29. gxh3 Rxf3 30. Rxf3 Qxf3 31. Rc3 Qf5 32.
Kh2 Qxf2+ 33. Kh1 Rf7 34. Rc1 Rf3 0-1

[Event "*** MasterClass Titled Tuesday Blitz"]
[Site "Chess.com"]
[Date "2017.12.12"]
[Round "10"]
[White "LuisFSiles"]
[Black "NateSolon"]
[Result "0-1"]
[WhiteElo "2228"]
[BlackElo "2358"]
[TimeControl "180+2"]
[EndTime "15:17:48 PST"]
[Termination "NateSolon won by resignation"]

1. e4 c5 2. Nf3 d6 3. d4 Nf6 4.
Nc3 cxd4 5. Nxd4 Nc6 6. Bg5 Bd7 7. Qd2 Rc8 8. Bxf6 gxf6 9. O-O-O Nxd4 10. Qxd4 Qa5 11.
Kb1 Rg8 12. f4 Qc5 13. g3 Qxd4 14. Rxd4 f5 15. Bb5 Bg7 16. Bxd7+ Kxd7 17. e5 a6 18. Re1 Rc6 19. Nd5 Rgc8 20. c3 e6 21. Nb4 Rb6 22. Red1 d5 23. Nc2 Rxc3 24. Rb4 Rxb4 25.
Nxb4 Rc4 26. Nc2 f6 27. b3 Rc8 28. exf6 Bxf6 29. Nd4 Rc3 30. Rd2 Re3 31. Nc2 Rf3 32.
Nd4 Bxd4 33. Rxd4 Rf2 34. Rb4 b5 35. a4 Kc6 36. axb5+ axb5 0-1

[Event "*** MasterClass Titled Tuesday Blitz"]
[Site "Chess.com"]
[Date "2017.12.12"]
[Round "10"]
[White "SenseiJulio"]
[Black "gammagramma"]
[Result "0-1"]
[WhiteElo "2528"]
[BlackElo "2479"]
[TimeControl "180+2"]
[EndTime "15:17:56 PST"]
[Termination "gammagramma won by checkmate"]

1. Nf3 d5 2. e3 Bg4 3. c4 Bxf3 4. Qxf3 e6 5. b3 Nf6 6. Bb2 Be7 7. Nc3 O-O 8. g4 c5 9. g5 Ne4 10. Nxe4 dxe4 11.
Qxe4 Bxg5 12. Qxb7 Nd7 13. O-O-O Bf6 14. d4 cxd4 15. Bxd4 Rb8 16. Qc6 Qa5 17. Qxd7 Qa3+ 18. Kd2 Rfd8 19. Qa4 Qb2+ 20. Ke1 Rxd4 21. exd4 Qc3+ 22.
Ke2 Qc2+ 23. Ke1 Qe4+ 24. Be2 Qxh1+ 25. Kd2 Qxh2 26. Qxa7 Rd8 27. Kc1 Qxf2 28. Bd3 Bxd4 29. Qa3 g5 30. Kb1 g4 31. Qc1 Kf8 32. Qg5 Qb2# 0-1

[Event "*** MasterClass Titled Tuesday Blitz"]
[Site "Chess.com"]
[Date "2017.12.12"]
[Round "10"]
[White "Keaton87"]
[Black "Parhamov"]
[Result "1-0"]
[WhiteElo "2546"]
[BlackElo "2724"]
[TimeControl "180+2"]
[EndTime "15:18:06 PST"]
[Termination "Keaton87 won by resignation"]

1. e4 c6 2. d4 d5 3. Nd2 dxe4 4. Nxe4 Nf6 5. Nxf6+ exf6 6. Ne2 Bd6 7. g3 O-O 8. Bg2 Re8 9. O-O Bg4 10. f3 Bf5 11. Bf4 Rxe2 12. Qxe2 Bxf4 13. gxf4 Nd7 14. Kh1 Nf8 15.
c3 Ne6 16. Qd2 Qd6 17. Rg1 Nxf4 18. Bf1 h5 19. Re1 Be6 20. Qf2 Ng6 21. Bd3 f5 22.
Rg5 h4 23. Bxf5 Qf4 24. Rxg6 Qxf5 25. Rg4 Bd5 26. Rxh4 g5 27. Rhe4 Bxe4 28. Rxe4 Kg7 29. Qe3 Rh8 30. Rg4 f6 31. Qe7+ Kh6 32. Qe4 Qb5 33. Rg3 Qf1+ 34. Rg1 Qh3 35. Qg4 Qxg4 36. Rxg4 f5 37. Rg2 Re8 38. Kg1 Re1+ 39. Kf2 Ra1 40. a3 f4 41. Ke2 Kh5 42. Kd3 Rf1 43. Ke4 Re1+ 44. Kf5 Kh4 45. Rxg5 Re2 46. b4 Re3 47.
Kxf4 Rxc3 48. Rg7 Kh3 49. Rxb7 Kxh2 50. Rxa7 Kg2 51. Ke4 Kf2 52. f4 Re3+ 53. Kf5 Kf3 54. Ra6 Rd3 55. Rxc6 Rxa3 56. b5 Rd3 57. b6 Rxd4 58.
Rc3+ Ke2 59. Rb3 Rd8 60. b7 Rb8 61. Ke6 1-0

[Event "*** MasterClass Titled Tuesday Blitz"]
[Site "Chess.com"]
[Date "2017.12.12"]
[Round "10"]
[White "ST-Sandavagur"]
[Black "MITerryble"]
[Result "0-1"]
[WhiteElo "2515"]
[BlackElo "2673"]
[TimeControl "180+2"]
[EndTime "15:18:07 PST"]
[Termination "MITerryble won by resignation"]

1. e4 e6 2. d4 d5 3. Nd2 Be7 4. Bd3 c5 5. exd5 Qxd5 6. dxc5 Nf6 7. Ngf3 Qxc5 8. O-O O-O 9. b3 Nbd7 10. Bb2 b6 11. Ne4 Qc7 12. Nxf6+ Bxf6 13. Ba3 Re8 14. Be4 Bb7 15.
Bxb7 Qxb7 16. Rc1 Bc3 17. Qd3 Rac8 18. Rfd1 Nf6 19. h3 h6 20. Qe2 Nd5 21. Qe4 Qa6 22. Bd6 Bb2 23. Rb1 Nc3 24. Qg4 Nxd1 25. Rxb2 f6 26. Rb1 Qe2 27. c4 Nxf2 28. Qh5 Qd3 29.
Re1 Nxh3+ 30. Qxh3 Qxd6 31. Qg4 Rc5 32. Kh1 Qd7 33. Qe4 Qf7 34. g4 h5 35. g5 fxg5 36.
Ne5 Qf5 0-1

[Event "*** MasterClass Titled Tuesday Blitz"]
[Site "Chess.com"]
[Date "2017.12.12"]
[Round "10"]
[White "Angry_Serb"]
[Black "chesstatour"]
[Result "1-0"]
[WhiteElo "2422"]
[BlackElo "1996"]
[TimeControl "180+2"]
[EndTime "15:18:09 PST"]
[Termination "Angry_Serb won by resignation"]

1. e4 c6 2. d4 d5 3. exd5 cxd5 4. Nf3 Nc6 5. Be2 g6 6. O-O Bg7 7. c4 Nf6 8. Nc3 O-O 9. Bg5 Be6 10.
c5 Ne4 11. Be3 Nxc3 12. bxc3 Na5 13. Qa4 b6 14. Rac1 bxc5 15. dxc5 Bd7 16. Qa3 e5 17. Rfd1 Bc6 18. c4 d4 19. Bd2 Nb7 20. Bg5 f6 21. Bh4 Qe7 22. Nd2 Qxc5 23. Qa6 Qb6 24. Qa3 Qc5 25. Qh3 Rfe8 26. Nb3 Qe7 27. c5 Rad8 28.
Ba6 Rd7 29. Re1 Nd8 30. Na5 g5 31. Bg3 Rc7 32. Bd3 h6 33. Qf5 Bd7 34. Qh7+ Kf8 35. c6 Bc8 36. Bg6 Ne6 37. Bxe8 Qxe8 38. Qe4 Qe7 39.
h4 Kf7 40. h5 Kg8 41. Rc4 Nc5 42. Qd5+ Ne6 43. Rb1 Kh7 44. Rb8 f5 45. Bxe5 Bxe5 46. Qxe5 Nf4 47. Qxe7+ Rxe7 48. Rxc8 1-0

[Event "*** MasterClass Titled Tuesday Blitz"]
[Site "Chess.com"]
[Date "2017.12.12"]
[Round "10"]
[White "Big_Fishy"]
[Black "aspired"]
[Result "0-1"]
[WhiteElo "2367"]
[BlackElo "2519"]
[TimeControl "180+2"]
[EndTime "15:18:12 PST"]
[Termination "aspired won by resignation"]

1. e4 e6 2. d4 d5 3. Nc3 Nf6 4. Bg5 dxe4 5. Nxe4 Be7 6. Bxf6 gxf6 7. Nf3 f5 8. Ng3 c5 9. dxc5 Bxc5 10. Qxd8+ Kxd8 11. O-O-O+ Ke7 12. Rd2 Rd8 13. Rxd8 Kxd8 14. Ne5 Bxf2 15.
Nxf7+ Ke7 16. Ne5 Nc6 17. Nxc6+ bxc6 18. Bd3 Bd7 19. c3 Rg8 20. Kc2 h6 21. Ne2 Rxg2 22.
h3 e5 23. Rf1 Be3 24. Kb3 Be6+ 25. Ka4 f4 26. a3 e4 27. Ba6 f3 28. Nd4 Bxd4 29. cxd4 Rxb2 30. Re1 Bd5 31. Bd3 f2 0-1

[Event "*** MasterClass Titled Tuesday Blitz"]
[Site "Chess.com"]
[Date "2017.12.12"]
[Round "10"]
[White "GMKrikor"]
[Black "xamax2000"]
[Result "0-1"]
[WhiteElo "2649"]
[BlackElo "2359"]
[TimeControl "180+2"]
[EndTime "15:18:17 PST"]
[Termination "xamax2000 won by resignation"]

1. e4 e5 2. Nf3 Nc6 3. Bc4 Nf6 4. d3 h6 5. a4 d6 6. a5 a6 7. Nc3 Be7 8. Nd5 Nxd5 9. Bxd5 O-O 10. O-O Nxa5 11. Rxa5 c6 12. Ra1 cxd5 13. exd5 b5 14. c4 bxc4 15. dxc4 Bf5 16. Be3 Qc7 17. Qa4 Rfb8 18. b3 a5 19. Rfc1 Rb7 20. Bd2 Rba7 21.
Be3 Rb7 22. h3 Qb8 23. Rc3 Bf6 24. c5 e4 25. Nd4 Rb4 26. Nxf5 Rxa4 27. Rxa4 Bxc3 28.
Nxd6 Qxb3 29. Rxe4 a4 30. Nf5 a3 31. d6 Qb1+ 0-1

[Event "*** MasterClass Titled Tuesday Blitz"]
[Site "Chess.com"]
[Date "2017.12.12"]
[Round "10"]
[White "matiss90"]
[Black "dusanacns"]
[Result "0-1"]
[WhiteElo "2349"]
[BlackElo "2592"]
[TimeControl "180+2"]
[EndTime "15:18:26 PST"]
[Termination "dusanacns won on time"]

1. e4 c5 2. Nf3 d6 3. d4 cxd4 4. Nxd4 Nf6 5. Nc3 Nc6 6. Bc4 e6 7. Be3 Be7 8. Qe2 a6 9. O-O-O Nxd4 10. Bxd4 b5 11. Bb3 Bb7 12. g4 b4 13. g5 bxc3 14.
gxf6 cxb2+ 15. Kb1 Bxf6 16. e5 Be7 17. exd6 Bf6 18.
d7+ Kf8 19. Rhg1 g6 20. Bxe6 fxe6 21. Qxe6 Kg7 22. Rge1 Rf8 23. Bb6 Qb8 24. Re3 Qf4 25. d8=Q Bxd8 26. Rd7+ Rf7 27. Bd4+ Kg8 28. Rxb7 Bg5 0-1

[Event "*** MasterClass Titled Tuesday Blitz"]
[Site "Chess.com"]
[Date "2017.12.12"]
[Round "10"]
[White "ristingho"]
[Black "BartoszSocko"]
[Result "0-1"]
[WhiteElo "2359"]
[BlackElo "2532"]
[TimeControl "180+2"]
[EndTime "15:18:28 PST"]
[Termination "BartoszSocko won on time"]

1. d4 e6 2. e4 d5 3. exd5 exd5 4. Bd3 Bd6 5. Nf3 Ne7 6. O-O Nbc6 7. c3 Bg4 8. Nbd2 Qd7 9. b4 O-O-O 10. a4 Rde8 11.
a5 f6 12. b5 Nd8 13. Ba3 Nf7 14.
b6 cxb6 15. axb6 a6 16. Qb3 Nc6 17. Bxd6 Qxd6 18. Bxa6 bxa6 19. b7+ Kd7 20. Rxa6 Rb8 21. Rb1 Nfd8 22. Rb6 Re8 23. c4 Be6 24. c5 Qc7 25. Qb5 Ke7 26. Nf1 Kf8 27. Ne3 Re7 28. Qb3 Rd7 29. Qa4 Rxb7 30. Rxb7 Nxb7 31. Qa6 Nbd8 32.
h3 Qa7 33. Qd3 Kg8 34. Rb6 Rb7 35. Qb3 Rxb6 36. cxb6 Qd7 37. Qb5 Nb7 38. g4 Ne5 39.
Qxd7 Nxd7 40. Nd2 Nxb6 41. Nb3 Nc4 42. Nc2 Kf7 43. Kg2 g5 44. Kg3 Nbd6 45. f3 Nb7 0-1

[Event "*** MasterClass Titled Tuesday Blitz"]
[Site "Chess.com"]
[Date "2017.12.12"]
[Round "10"]
[White "AndreyOstrovskiy"]
[Black "Alliswell998"]
[Result "1-0"]
[WhiteElo "2490"]
[BlackElo "2348"]
[TimeControl "180+2"]
[EndTime "15:18:38 PST"]
[Termination "AndreyOstrovskiy won by resignation"]

1. e4 c5 2. Nf3 d6 3. d4 cxd4 4. Nxd4 Nf6 5. Nc3 a6 6. Bc4 e6 7. a4 Nc6 8. O-O Be7 9. Be3 O-O 10. Kh1 Qc7 11. Qe2 Bd7 12. Rad1 Rac8 13. Bb3 Ne5 14. f4 Nc4 15. Bc1 e5 16. Nf5 Bxf5 17.
exf5 Rfe8 18. Qf3 Bf8 19. h3 e4 20. Qe2 Qc6 21. g4 e3+ 22. Kh2 Ne4 23. Nd5 Kh8 24. c3 Ncd2 25. Bxd2 Nxd2 26. Rxd2 exd2 27. Qxd2 f6 28.
g5 Qd7 29. Qd3 fxg5 30. fxg5 Re5 31. Kg2 Qxf5 32. Rxf5 1-0